Map: Paladino Terminal LE

Players

Musumeci

  • Race: Zerg Zerg
  • League: Diamond
  • Spawn Location: 9:00

pOwl - Winner!

  • Race: Zerg Zerg
  • League: Diamond
  • Spawn Location: 5:00

VOD

Have the link to the VOD?

Description

Time

  • Played on: March 13, 2017, 12:29 p.m.
  • Length: 4:23
Show
View Real Time Build Order
Export as new Build Order

Musumeci Zerg 

Build Orders: Hatch First 

Get SALT Encoding   

  12  0:01  Drone  
  13  0:09  Drone  
  14  0:16  Drone, Extractor  
  15  0:41  Hatchery  
  14  0:46  Drone, Extractor  
  15  1:02  Spawning Pool  
  14  1:05  Extractor  
  14  1:08  Drone  
  14  1:17  Overlord  
  14  1:35  Drone x3  
  17  1:46  Drone  
  17  1:49  Queen  
  19  2:02  Queen  
  19  2:07  Drone  
  22  2:11  Drone  
  22  2:15  Drone  
  24  2:22  Metabolic Boost  
  24  2:29  Zergling x4  
  26  2:47  Roach Warren  
  26  2:48  Zergling x4  
  26  3:07  Zergling x2  
  27  3:17  Overlord  
  27  3:18  Overlord  
  26  3:45  Roach x8  
  21  4:06  Drone x3  
Show
View Real Time Build Order
Export as new Build Order

pOwl Zerg - Winner!

Build Orders: Pool First 

Get SALT Encoding   

  12  0:02  Drone  
  13  0:13  Overlord  
  13  0:19  Drone  
  14  0:31  Drone x2  
  14  0:35  Drone  
  17  0:45  Extractor  
  17  0:49  Spawning Pool  
  15  0:52  Drone  
  16  0:57  Drone  
  17  1:07  Drone  
  18  1:26  Drone  
  18  1:31  Overlord  
  19  1:47  Hatchery  
  19  1:52  Metabolic Boost  
  18  1:56  Queen  
  20  2:05  Zergling x6  
  23  2:16  Zergling x2  
  24  2:27  Zergling x2  
  25  2:31  Queen  
  25  2:32  Baneling Nest  
  26  2:38  Zergling x2  
  27  2:48  Zergling x2  
  27  3:04  Zergling x10  
  31  3:09  Overlord  
  31  3:15  Zergling x2  
  31  3:19  Baneling x2  
  32  3:20  Baneling  
  32  3:21  Baneling  
  32  3:24  Zergling x4  
  34  3:32  Zergling x2  
  35  3:37  Zergling x2  
  36  3:44  Zergling x4  
  36  3:52  Overlord  
  36  3:57  Overlord  
  35  4:04  Zergling x2  
  35  4:05  Zergling x6  
Tags
 
Add a new tag
Caveats
  • Supply blocks, unpowered buildings, or Contaminate may cause inaccurate times.
  • Supply counts are checked every 10 seconds.